 Dungeon Crawl Stone Soup version 0.17.1-1-g73c8601 (webtiles) character file.

929 Implojin the Cleaver (level 7, -7/64 HPs)
             Began as a Minotaur Berserker on Apr 9, 2016.
             Was a Follower of Trog.
             Mangled by a yak (15 damage)
             ... on level 9 of the Dungeon.
             The game lasted 00:06:05 (925 turns).

Implojin the Cleaver (Minotaur Berserker)            Turns: 925, Time: 00:06:05

Health: -7/64      AC:  5    Str: 22    XL:     7   Next: 85%
Magic:  6/6        EV: 11    Int:  4    God:    Trog [*.....]
Gold:   72         SH:  0    Dex: 11    Spells: 0 memorised, 6 levels left

rFire  . . .     SeeInvis +     l - +3 battleaxe
rCold  . . .     Clarity  .     g - +0 ring mail
rNeg   . . .     SustAt   .     (shield currently unavailable)
rPois  .         Gourm    .     (helmet restricted)
rElec  .         Spirit   .     (no cloak)
rCorr  .         Warding  .     (no gloves)
rMut   .         Stasis   .     (no boots)
MR     .....                    (no amulet)
Stlth  +.........               (no ring)
                                m - ring of see invisible

@: exhausted, flying, slowed, very slow, not resistant to hostile enchantments,
very unstealthy
A: retaliatory headbutt, horns 2
a: Berserk, Burn Spellbooks, Renounce Religion


You were on level 9 of the Dungeon.
You worshipped Trog.
Trog was aware of your devotion.
You were not hungry.

You visited 1 branch of the dungeon, and saw 9 of its levels.

You collected 72 gold pieces.

Inventory:

Hand Weapons
 a - a +0 hand axe
 i - a +2 flail of draining
 l - a +3 battleaxe (weapon)
Armour
 g - a +0 ring mail (worn)
Jewellery
 m - a ring of see invisible (left hand)
Scrolls
 d - 2 scrolls of teleportation {unknown}
 e - a scroll of noise
 h - a scroll of enchant armour {unknown}
 k - a scroll of enchant weapon {unknown}
Books
 j - a book of Geomancy

   Spells                             Type                      Level
   a - Sandblast                      Earth                        1
   b - Stoneskin                      Transmutation/Earth          2
   c - Passwall                       Transmutation/Earth          3
   d - Stone Arrow                    Conjuration/Earth            3
   e - Petrify                        Transmutation/Earth          4
   f - Lee's Rapid Deconstruction     Earth                        5
   Trog disapproves of the use of such an item.
Comestibles
 c - a bread ration
 f - a royal jelly


   Skills:
 - Level 6.8 Fighting
 * Level 9.7 Axes
 - Level 2.4 Armour
 - Level 2.1 Dodging


You had 6 spell levels left.
You didn't know any spells.

Dungeon Overview and Level Annotations

Branches:
Dungeon (9/15)
 Temple: D:4-7         Lair: D:8-11         Orc: D:9-12

Altars:
Fedhas
Gozag
Xom
Yredelemnul
Zin
The Shining One

Shops:
D:4 %


Innate Abilities, Weirdness & Mutations

You reflexively headbutt those who attack you in melee.
You have a pair of horns on your head.


Message History

You are too berserk!
You slash the iguana!
You feel the power of Trog in you as your rage grows.
You kill the iguana!
Trog accepts your kill.
You swing at nothing.
You swing at nothing.
You feel a strong urge to attack something.
You swing at nothing.
You swing at nothing.
You feel your anger subside.
You are no longer berserk.
You are exhausted.
You feel yourself slow down.
You swing at nothing.
You slash the orc!
The orc is severely wounded.
The orc closely misses you.
Read which item? (? for menu, Esc to quit)
Okay, then.
Drink which item? (? for menu, Esc to quit)
It was a potion of flight.
You feel very buoyant.
You fly up into the air.
The orc completely misses you.
Unknown command.
Read which item? (? for menu, Esc to quit)
Okay, then.
Okay, then.
Wield which item (- for none, * to show all)? (? for menu, Esc to quit)
l - a +3 battleaxe (weapon)
The yak gores you.
* * * LOW HITPOINT WARNING * * *
Unknown command.
You slice the yak!! You headbutt the yak.
The yak is heavily wounded.
The yak gores you but does no damage.
You slash the yak! Your headbutt misses the yak.
The yak is severely wounded.
The yak closely misses you. The yak gores you!
You die...

#...# #...#####l.>...
#...#######...# #.o....
.......).......#
#Y.....
...............#
#...... .............#
#...... ...........Y.#
#......
...###o###..#####......
#Y# #...lo..o..... #@#
#..........###
+.._###..######..#
###.###..# ..# #.# #.(#
.... #+# #..# !....
...# ...## #.... .#
...!


You could see a yak and an orc.

Vanquished Creatures
  A two-headed ogre (D:8)
  2 yaks (D:9)
  A sky beast (D:7)
  A centaur (D:7)
  A scorpion (D:5)
  5 wights (D:7)
  An orc wizard (D:4)
  An iguana (D:9)
  A hound zombie (D:7)
  An adder skeleton (D:5)
  4 orcs (D:4)
  A quokka (D:3)
  A bat (D:2)
  A giant gecko (D:5)
  A jackal skeleton (D:4)
  A rat (D:3)
24 creatures vanquished.

Notes
Turn   | Place    | Note
--------------------------------------------------------------
     0 | D:1      | Implojin the Minotaur Berserker began the quest for the Orb.
     0 | D:1      | Reached XP level 1. HP: 19/19 MP: 0/0
   105 | D:4      | Noticed an orc wizard
   115 | D:4      | Reached skill level 4 in Axes
   126 | D:4      | Reached XP level 2. HP: 20/26 MP: 1/1
   149 | D:4      | Killed an orc wizard
   149 | D:4      | Reached skill level 5 in Axes
   149 | D:4      | Reached XP level 3. HP: 14/31 MP: 2/2
   165 | D:4      | Found Menoan's Food Shoppe.
   180 | D:4      | Found a glowing golden altar of the Shining One.
   246 | D:5      | Entered Level 5 of the Dungeon
   313 | D:5      | Found a basalt altar of Yredelemnul.
   313 | D:5      | Noticed a scorpion
   322 | D:5      | Killed a scorpion
   322 | D:5      | Reached skill level 6 in Axes
   322 | D:5      | Reached XP level 4. HP: 39/39 MP: 3/3
   337 | D:4      | Found an opulent altar of Gozag.
   363 | D:7      | Noticed a centaur
   379 | D:7      | Killed a centaur
   379 | D:7      | Reached skill level 7 in Axes
   379 | D:7      | Reached XP level 5. HP: 23/45 MP: 4/4
   420 | D:7      | Noticed a sky beast
   421 | D:7      | Found a shimmering altar of Xom.
   435 | D:7      | Killed a sky beast
   435 | D:7      | Reached skill level 5 in Fighting
   507 | D:7      | Reached XP level 6. HP: 12/56 MP: 5/5
   511 | D:7      | Reached skill level 6 in Fighting
   526 | D:7      | Found a glowing silver altar of Zin.
   792 | D:8      | Noticed a two-headed ogre
   815 | D:8      | Killed a two-headed ogre
   815 | D:8      | Reached skill level 8 in Axes
   815 | D:8      | Reached XP level 7. HP: 41/64 MP: 6/6
   866 | D:9      | Noticed a yak
   867 | D:9      | Noticed a yak
   895 | D:9      | Found a blossoming altar of Fedhas.
   912 | D:9      | Killed a yak
   912 | D:9      | Reached skill level 9 in Axes
   914 | D:9      | Noticed a yak
   914 | D:9      | Killed a yak
   925 | D:9      | Mangled by a yak

Action                   |  1- 3 |  4- 6 |  7- 9 || total
-------------------------+-------+-------+-------++-------
Melee: Hand axe          |    29 |    46 |     7 ||    82
       Battleaxe         |       |       |     2 ||     2
Invok: Berserk           |     2 |     3 |     1 ||     6
  Use: Potion            |     1 |       |     1 ||     2
       Scroll            |       |     2 |       ||     2
  Eat: Bread ration      |       |     1 |     1 ||     2

Table legend:
 A = Turns spent in this place as a percentage of turns spent in the entire game.
 B = Non-inter-level travel turns spent in this place as a percentage of non-inter-level travel turns spent in the entire game.
 C = Inter-level travel turns spent in this place as a percentage of turns spent in this place.
 D = Turns resting spent in this place as a percentage of non-inter-level travel turns spent in this place.
 E = Turns spent auto-exploring this place as a percentage of non-inter-level travel turns spent in this place.
 F = Non-inter-level travel turns spent in this place divided by the number of levels of this place that you've seen.
                   A       B       C       D       E      F
               +-------+-------+-------+-------+-------+----------------------
         Total | 100.0 | 100.0 |   0.0 |   0.8 |   0.0 |  85.7
       Dungeon | 100.0 | 100.0 |   0.0 |   0.8 |   0.0 |  85.7
               +-------+-------+-------+-------+-------+----------------------

Table legend:
 A = Kills in this place as a percentage of kills in entire the game.
 B = Kills by you in this place as a percentage of kills by you in the entire game.
 C = Kills by friends in this place as a percentage of kills by friends in the entire game.
 D = Other kills in this place as a percentage of other kills in the entire game.
 E = Experience gained in this place as a percentage of experience gained in the entire game.
 F = Experience gained in this place divided by the number of levels of this place that you have seen.
                   A       B       C       D       E      F
               +-------+-------+-------+-------+-------+----------------------
         Total | 100.0 | 100.0 |  -nan |  -nan | 100.0 | 147.6
       Dungeon | 100.0 | 100.0 |  -nan |  -nan | 100.0 | 147.6
               +-------+-------+-------+-------+-------+----------------------
